 Dungeon Crawl Stone Soup version 0.31-a0-620-gd1cbd99268 (webtiles) character file.

Game seed: 16028668257606074645

89467 Pooter the Severer (level 15, -6/139 HPs)
             Began as a Minotaur Fighter on Aug 23, 2023.
             Was a High Priest of Okawaru.
             Killed by an exploding rakshasa (45 damage)
             ... ignited by their inner flame
             ... on level 12 of the Dungeon on Aug 24, 2023.
             The game lasted 02:16:24 (39630 turns).

Pooter the Severer (Minotaur Fighter)              Turns: 39630, Time: 02:16:24

Health: -6/139     AC: 21    Str: 33    XL:     15   Next: 49%
Magic:  19/21      EV: 13    Int:  7    God:    Okawaru [*****.]
Gold:   797        SH:  5    Dex: 15    Spells: 14/14 levels left

rFire   . . .        a - +5 battleaxe (freeze)
rCold   . . .        (shield currently unavailable)
rNeg    . . .        k - +2 ring mail of Itar {Int+2 Slay+5}
rPois   .            (helmet restricted)
rElec   .            h - +2 cloak {rCorr}
rCorr   +            p - +1 pair of gloves of the Tired Princes {Dex+2}
SInv    +            I - +3 pair of boots "Dool Via" {rF- Str+2 SInv}
Will    +....        G - amulet of reflection
Stlth   ++           F - ring of protection from fire
HPRegen 0.43/turn    V - +6 ring of strength
MPRegen 0.17/turn

%: reflection
@: heroic
A: horns 2, retaliatory headbutt
a: Renounce Religion, Heroism, Finesse, Duel


You were on level 12 of the Dungeon.
You worshipped Okawaru.
Okawaru was extremely pleased with you.
You visited 3 branches of the dungeon, and saw 20 of its levels.
You also visited: Ossuary, Gauntlet and Ice Cave.

You collected 2595 gold pieces.
You spent 1798 gold pieces at shops.

Inventory:

Hand Weapons
 a - a +5 battleaxe of freezing (weapon)
   (You bought it in a shop on level 7 of the Dungeon)
 b - a +5 triple crossbow of freezing
   (You acquired it on level 10 of the Dungeon)
 H - the +8 short sword of Ru's Regard {antimagic, rC++ Stlth+}
   (You found it on level 6 of the Dungeon)

   rC++:      It greatly protects you from cold.
   Stlth+:    It makes you more stealthy.
 T - a +0 orcbow of draining
   (You took it off a centaur on level 9 of the Dungeon)
Missiles
 c - 4 silver javelins
 i - 6 darts of dispersal {!f}
 v - 9 boomerangs (quivered)
 Q - 3 datura-tipped darts
 W - 8 curare-tipped darts
 X - 6 javelins
Armour
 h - a +2 cloak of preservation (worn)
   (You acquired it on level 8 of the Dungeon)
 j - the +1 pair of gloves of Soulil Duas {Rampage rN+ Int+3}
   (Okawaru gifted it to you on level 5 of the Lair of Beasts)

   Int+3:     It affects your intelligence (+3).
   rN+:       It protects you from negative energy.
   Rampage:   It bestows one free step when moving towards enemies.
 k - the +2 ring mail of Itar (worn) {Int+2 Slay+5}
   (You found it on level 7 of the Dungeon)

   Int+2:     It affects your intelligence (+2).
   Slay+5:    It affects your accuracy & damage with ranged weapons and melee
   (+5).
 p - the +1 pair of gloves of the Tired Princes (worn) {Dex+2}
   (You found it in a Gauntlet)

   Dex+2:     It affects your dexterity (+2).
 r - a +2 plate armour of poison resistance
   (You found it on level 2 of the Dungeon)
 I - the +3 pair of boots "Dool Via" (worn) {rF- Str+2 SInv}
   (Okawaru gifted it to you on level 1 of the Lair of Beasts)

   Str+2:     It affects your strength (+2).
   rF-:       It makes you vulnerable to fire.
   SInv:      It lets you see invisible.
Jewellery
 s - an amulet of magic regeneration
   (You found it on level 3 of the Dungeon)
 w - the ring "Ahymeno" {Fire Will+ Str+4 Dex-3 SInv}
   (You took it off a minotaur in a Gauntlet)

   [ring of fire]

   Fire:      It enhances your fire magic.
   Str+4:     It affects your strength (+4).
   Dex-3:     It affects your dexterity (-3).
   rF+:       It protects you from fire.
   rC-:       It makes you vulnerable to cold.
   Will+:     It increases your willpower.
   SInv:      It lets you see invisible.
 F - a ring of protection from fire (left hand)
   (You bought it in a shop on level 2 of the Orcish Mines)
 G - an amulet of reflection (around neck)
   (You found it in a Gauntlet)
 L - an amulet of the acrobat
   (You found it on level 6 of the Dungeon)
 M - a +6 ring of dexterity
   (You found it on level 11 of the Dungeon)
 N - a ring of positive energy
   (You found it on level 6 of the Dungeon)
 P - the ring of Xom's Wantonness {rPois Dex+3}
   (You found it on level 5 of the Lair of Beasts)

   [ring of poison resistance]

   Dex+3:     It affects your dexterity (+3).
   rPois:     It protects you from poison
 S - a ring of see invisible
   (You bought it in a shop on level 2 of the Orcish Mines)
 V - a +6 ring of strength (right hand)
   (You found it on level 1 of the Lair of Beasts)
 Y - a ring of ice
   (You found it on level 7 of the Dungeon)
 Z - a ring of flight
   (You found it on level 8 of the Dungeon)
Wands
 d - a wand of iceblast (8)
   (You found it on level 5 of the Dungeon)
 f - a wand of flame (11)
   (You found it in a Gauntlet)
 u - a wand of paralysis (11)
   (You took it off an orc on level 5 of the Dungeon)
 x - a wand of polymorph (6)
   (You found it on level 7 of the Dungeon)
 D - a wand of digging (8)
   (You found it on level 3 of the Lair of Beasts)
 J - a wand of light (6)
   (You took it off an orc wizard on level 6 of the Dungeon)
Scrolls
 t - 8 scrolls of teleportation {@r4}
 y - a scroll of immolation {!r}
 z - 2 scrolls of silence
 C - 2 scrolls of fear
Potions
 e - a potion of ambrosia
 g - 3 potions of heal wounds {@q2}
 l - 3 potions of haste {@q3}
 m - a potion of degeneration {unknown}
 n - a potion of resistance
 o - 3 potions of attraction {!q}
 q - 3 potions of lignification {!q}
 A - 4 potions of enlightenment
 B - 8 potions of curing {@q1}
 E - 6 potions of mutation {!q}
 K - 4 potions of invisibility
 O - 4 potions of berserk rage
 R - 4 potions of might
 U - 3 potions of cancellation


   Skills:
 + Level 14.5(19.5) Fighting
 * Level 19.2(24.2) Axes
 * Level 16.2(21.2) Ranged Weapons
 + Level 10.7(15.7) Armour
 - Level 3.6(8.6) Shields
 - Level 10.1 Invocations


You had 14 spell levels left.
You didn't know any spells.
Your spell library contained the following spells:

 Spells                   Type           Power      Damage    Failure   Level
 Static Discharge         Conj/Air       0%         2-2/arc   65%         2
 Hailstorm                Conj/Ice       0%         3d3       86%         3
 Inner Flame              Hex/Fire       0%         N/A       86%         3
 Ozocubu's Armour         Ice            0%         N/A       86%         3
 Stone Arrow              Conj/Erth      0%         3d7       86%         3
 Vhi's Electric Charge    Tloc/Air       0%         N/A       86%         3
 Airstrike                Air            0%         2d(0-16)  99%         4
 Arcjolt                  Conj/Air       0%         1d10      100%        5
 Fireball                 Conj/Fire      0%         3d3       100%        5
 Iskenderun's Battlesphe  Conj           0%         2d6       100%        5
 Metabolic Englaciation   Hex/Ice        0%         N/A       100%        5
 Yara's Violent Unravell  Hex/Tmut       0%         3d3       100%        5
 Conjure Ball Lightning   Conj/Air       0%         3x3d6     100%        6
 Plasma Beam              Fire/Air       0%         2x1d10    100%        6
 Enfeeble                 Hex            0%         N/A       100%        7
 Orb of Destruction       Conj           0%         9d5       100%        7
 Ozocubu's Refrigeration  Ice            0%         4d7       100%        7
 Lehudib's Crystal Spear  Conj/Erth      0%         10d2      100%        8
 Polar Vortex             Ice            0%         N/A       100%        9
 Animate Armour           Summ/Erth      Unusable   N/A       N/A         4
 Summon Ice Beast         Ice/Summ       Unusable   N/A       N/A         4
 Summon Lightning Spire   Summ/Air       Unusable   N/A       N/A         4
 Simulacrum               Ice/Necr       Unusable   N/A       N/A         6

Dungeon Overview and Level Annotations

Branches:
Dungeon (13/15) Zot: 26765  Temple (0/1) D:5            Lair (5/5) D:11 Zot: 15312
  Swamp (0/4) Lair:2        Snake (0/4) Lair:3        Slime (0/5) Lair:5
    Orc (2/2) D:9 Zot: 3074     Elf (0/3) Orc:2       Ossuary (visited)
  IceCv (visited)         Gauntlet (visited)
 Vaults: D:13-14

Altars:
Cheibriados
Elyvilon
Fedhas
Gozag
Hepliaklqana
Kikubaaqudgha
Makhleb
Nemelex Xobeh
Okawaru
Trog
Vehumet
Wu Jian
Xom
Yredelemnul
Zin
Jiyva

Shops:
D:7 ?(*   Orc:2 !=(=


Innate Abilities, Weirdness & Mutations

You have a pair of horns on your head.
You reflexively headbutt those who attack you in melee.


Message History

You are too injured to fight recklessly!
You feel extremely sick.
The wraith is engulfed in blazing flames.
You feel better.
The wraith is engulfed in blazing flames.
The rakshasa is engulfed in blazing flames.
Flame seeps out of the rakshasa.
Your +5 battleaxe of freezing stops glowing.
Your +5 triple crossbow of freezing is covered in frost.
b - a +5 triple crossbow of freezing (weapon)
You are too injured to fight recklessly!
Fire: b) +5 triple crossbow (freeze)
Press: ? - help, Q - select action, (/) - cycle Shift-Dir - straight line, f - rakshasa
Aim: a rakshasa, wielding a +0 whip and wearing a +0 robe (flame, moderately wounded, inner flame, 67% to hit)
You shoot a bolt.
The bolt completely misses the rakshasa.
The bolt barely misses the wraith.
The rakshasa is engulfed in blazing flames.
Flame seeps out of the rakshasa.
The wraith is engulfed in blazing flames.
The rakshasa is engulfed in blazing flames.
Flame seeps out of the rakshasa.
The injured rakshasa weaves a defensive illusion!
Your +5 triple crossbow of freezing stops glowing.
Your +5 battleaxe of freezing glows with a cold blue light!
a - a +5 battleaxe of freezing (weapon)
The wraith is engulfed in blazing flames.
You destroy the wraith!
Okawaru accepts your kill.
You gain the combat prowess of a mighty hero.
The rakshasa hits you with a +0 whip!
* * * LOW HITPOINT WARNING * * *
The orc knight is engulfed in blazing flames.
You closely miss the rakshasa.
Flame seeps out of the rakshasa.
You headbutt the rakshasa! You barely miss the rakshasa. You hit the rakshasa.
Flame seeps out of the rakshasa.
You freeze the rakshasa.
Flame seeps out of the rakshasa.
The rakshasa is engulfed in blazing flames.
Flame seeps out of the rakshasa.
The rakshasa barely misses you.
The rakshasa is engulfed in blazing flames.
The rakshasa shimmers and vanishes!
The rakshasa explodes!
The fiery explosion engulfs you!!
* * * LOW HITPOINT WARNING * * *
The fiery explosion engulfs the rakshasa!
Okawaru accepts your kill.
The wraith shimmers and vanishes!
The rakshasa shimmers and vanishes!
The rakshasa explodes!
The fiery explosion engulfs you!!!
You die...

####.#####.# #.# #.#
#..........# #.# #.#
.....####..#######.#
#.# #.#..#
#..#.......# #.#
#.#..####<.#.#######
#.# #.#........#.#
#.# #.#.#####.##.#
#.# #####
############ #.#
...§§o°○○@§# #.#
...○☼)#☼§○§# #.#
...W. #^...# ####.#
.... #....# #....#
... #....# #.#### .o
#....### #.# [
#....#.# #.#
#....#.# #.#
#...†#.# #.#


You could see an orc knight.

Vanquished Creatures
  A frost giant (IceCv)
  Azrael (D:12)
  A minotaur (Gauntlet)
  An ice dragon (Lair:5)
  2 ogre magi (Orc:2)
  A rakshasa (D:12)
  7 hydras
  8 two-headed ogres
  A boulder beetle (D:13)
  10 death yaks
  A dancing weapon (D:12)
  2 thrashing horrors (Gauntlet)
  Nergalle (Orc:2)
  Sonja (Orc:2)
  2 skysharks
  A death drake (Gauntlet)
  A lindwurm (Lair:5)
  A deep elf pyromancer (D:12)
  A wolf spider (Lair:5)
  3 manticores
  An ugly thing (D:12)
  7 orc sorcerers (Orc:2)
  A cyclops (D:11)
  19 elephants
  10 black mambas
  A guardian serpent (Lair:5)
  3 gargoyles (D:12)
  An ice statue (IceCv)
  8 torpor snails
  11 cane toads
  A kobold demonologist (D:9)
  7 komodo dragons
  An unseen horror (D:12)
  6 rime drakes (IceCv)
  2 ice devils (D:12)
  A spectral harpy (Gauntlet)
  3 trolls (D:12)
  12 hornets
  5 polar bears (IceCv)
  4 tyrant leeches (Lair:5)
  27 blink frogs
  A meliai zombie (Gauntlet)
  3 dream sheep (Lair:5)
  3 slime creatures (D:12)
  Sigmund (D:2)
  A vampire (D:11)
  A wraith (D:12)
  15 wyverns
  66 yaks
  4 small abominations (Gauntlet)
  6 fire elementals (D:12)
  3 redbacks (Lair:5)
  4 vampire mosquitoes (D:12)
  6 basilisks
  2 steam dragons
  2 wargs
  Menkaure (D:7)
  A hell hound (D:12)
  2 acid dragons
  3 nagas (Lair:3)
  A swamp worm (Lair:2)
  22 water moccasins
  2 black bears
  11 orc warriors
  An ice beast (D:8)
  A hornet zombie (D:6)
  19 wolves
  A sky beast (D:7)
  5 ogres
  11 centaurs
  4 phantoms
  A kobold brigand (D:7)
  An elf zombie (D:7)
  17 bullfrogs
  A gnoll sergeant (D:12)
  3 scorpions
  2 elf skeletons (D:7)
  6 wights (D:8)
  2 electric eels (Lair:1)
  A killer bee (D:7)
  9 howler monkeys
  7 bullfrog zombies (D:6)
  2 centaur zombies (D:6)
  3 jellies
  10 orc priests
  2 bullfrog skeletons (D:6)
  3 sleepcaps
  Jessica (D:2)
  3 iguanas
  Terence (D:3)
  A human skeleton (D:7)
  33 orc wizards
  A killer bee zombie (D:6)
  8 mummies (Ossuary)
  13 gnolls
  3 adders
  5 white imps
  A worm (D:3)
  A dart slug (D:2)
  58 orcs
  4 bats
  5 endoplasms
  2 gnoll zombies (Ossuary)
  5 goblins
  7 hobgoblins
  8 jackals
  11 kobolds
  5 quokkas
  7 ball pythons
  6 frilled lizards
  A hobgoblin zombie (Ossuary)
  5 kobold zombies (Ossuary)
  2 orc skeletons (D:7)
  4 rats
  A butterfly (Lair:5)
653 creatures vanquished.

Vanquished Creatures (others)
  A shadow imp (D:7)
1 creature vanquished.

Grand Total: 654 creatures vanquished

Notes
Turn   | Place    | Note
-------+----------+-------------------------------------------
     0 | D:1      | Pooter the Minotaur Fighter began the quest for the Orb.
     0 | D:1      | Reached XP level 1. HP: 19/19 MP: 0/0
    53 | D:1      | Reached skill level 3 in Axes
    96 | D:1      | Reached XP level 2. HP: 27/27 MP: 1/1
   255 | D:1      | Found a faded altar of an unknown god.
   885 | D:2      | Reached XP level 3. HP: 33/33 MP: 2/2
  1208 | D:2      | Noticed Sigmund
  1209 | D:2      | Reached skill level 4 in Axes
  1222 | D:2      | Killed Sigmund
  1223 | D:2      | Reached skill level 5 in Fighting
  1223 | D:2      | Reached skill level 5 in Axes
  1223 | D:2      | Reached XP level 4. HP: 19/42 MP: 3/3
  1223 | D:2      | Reached XP level 5. HP: 22/48 MP: 4/4
  1392 | D:2      | Noticed Jessica
  1395 | D:2      | Killed Jessica
  1396 | D:2      | Reached skill level 6 in Axes
  1940 | D:3      | Upgraded the game from 0.31-a0-618-g7ca08c1ff9 to
                  | 0.31-a0-620-gd1cbd99268
  2101 | D:3      | Found a burning altar of Makhleb.
  2203 | D:3      | Found a glowing silver altar of Zin.
  2205 | D:3      | Found a sparkling altar of Nemelex Xobeh.
  2206 | D:3      | Found an opulent altar of Gozag.
  2206 | D:3      | Found a snail-covered altar of Cheibriados.
  2206 | D:3      | Found an iron altar of Okawaru.
  2209 | D:3      | Found a white marble altar of Elyvilon.
  2223 | D:3      | Became a worshipper of Warmaster Okawaru
  2292 | D:3      | Noticed Terence
  2299 | D:3      | Killed Terence
  2300 | D:3      | Reached XP level 6. HP: 56/56 MP: 5/5
  2837 | D:4      | Reached skill level 1 in Ranged Weapons
  2852 | D:4      | Reached skill level 1 in Invocations
  3067 | D:4      | Found a basalt altar of Yredelemnul.
  3067 | D:4      | Found a hazy altar of Hepliaklqana.
  3075 | D:4      | Found a faded altar of an unknown god.
  3077 | D:4      | Found a blossoming altar of Fedhas.
  3079 | D:4      | Found a faded altar of an unknown god.
  3476 | D:5      | Entered Level 5 of the Dungeon
  3487 | D:4      | Reached * piety under Okawaru
  3622 | D:5      | Reached skill level 7 in Axes
  3622 | D:5      | Reached XP level 7. HP: 60/62 MP: 7/7
  4019 | D:5      | Reached skill level 8 in Axes
  4073 | D:5      | Found a staircase to the Ecumenical Temple.
  4474 | D:6      | Reached XP level 8. HP: 67/71 MP: 9/9
  4750 | D:6      | Identified the +8 short sword of Ru's Regard {antimagic,
                  | rC++ Stlth+}
  4861 | D:6      | Reached skill level 9 in Axes
  4863 | D:6      | Reached skill level 5 in Invocations
  5093 | D:5      | Paralysed by an orc for 5 turns
  5116 | D:6      | Reached XP level 9. HP: 75/79 MP: 10/12
  5762 | D:7      | Found Gon Can's Magic Scroll Shop.
  5778 | D:7      | Bought a scroll of brand weapon for 152 gold pieces
  5778 | D:7      | Bought a scroll of teleportation for 48 gold pieces
  5778 | D:7      | Bought a scroll of enchant weapon for 120 gold pieces
  5789 | D:7      | Found Seleyta's Antique Weapon Shoppe.
  5809 | D:7      | Reached skill level 10 in Axes
  5818 | D:7      | Identified the +2 ring mail of Itar {Int+2 Slay+5}
  5871 | D:7      | Found a sand-covered staircase.
  5882 | Ossuary  | Entered an ossuary
  6179 | D:7      | Bought a glowing battleaxe for 199 gold pieces
  6192 | D:7      | Bought a scroll of enchant weapon for 120 gold pieces
  6542 | D:7      | Noticed Duvessa
  6542 | D:7      | Noticed Dowan
  6543 | D:7      | Duvessa changed into Duvessa the steam dragon
  6543 | D:7      | Noticed Duvessa
  6544 | D:7      | Dowan changed into Dowan the killer bee
  6544 | D:7      | Noticed Dowan
  6549 | D:7      | Killed Duvessa the steam dragon
  6550 | D:7      | Reached skill level 5 in Ranged Weapons
  6552 | D:7      | Killed Dowan the killer bee
  6707 | D:7      | Found Hisoph's Assorted Antiques.
  6713 | D:7      | Noticed Menkaure
  6721 | D:7      | Killed Menkaure
  7169 | D:7      | Reached skill level 11 in Axes
  7305 | D:7      | Bought a scroll labelled DUEZOCW ODUXOC for 22 gold pieces
  7509 | D:8      | Found a bloodstained altar of Trog.
  7524 | D:8      | Found a shimmering altar of Xom.
  7783 | D:7      | Bought a scroll labelled GEIMAZXEASK for 22 gold pieces
  7882 | D:8      | Identified a scroll of acquirement
  7882 | D:8      | Acquired a +2 cloak of preservation
  7971 | D:8      | Reached XP level 10. HP: 90/90 MP: 14/14
  8041 | D:8      | Reached ** piety under Okawaru
  9015 | D:9      | Noticed a manticore
  9023 | D:9      | Killed a manticore
  9232 | D:9      | Found a staircase to the Orcish Mines.
  9405 | D:10     | Entered Level 10 of the Dungeon
  9415 | D:10     | Reached skill level 12 in Axes
  9648 | D:9      | Reached *** piety under Okawaru
  9902 | D:10     | Acquired a +2 triple crossbow of freezing
  9950 | D:10     | Reached **** piety under Okawaru
  9959 | D:10     | Reached XP level 11. HP: 61/97 MP: 16/16
 10135 | D:10     | Noticed a two-headed ogre
 10141 | D:10     | Killed a two-headed ogre
 10328 | D:10     | Found an ornate altar of the Wu Jian Council.
 10448 | D:10     | Noticed a two-headed ogre
 10451 | D:10     | Killed a two-headed ogre
 10520 | Orc:1    | Entered Level 1 of the Orcish Mines
 10688 | Orc:1    | Found a runed translucent door.
 11157 | Orc:2    | Entered Level 2 of the Orcish Mines
 11261 | Orc:2    | Noticed an orc sorcerer
 11266 | Orc:2    | Paralysed by an orc sorcerer for 3 turns
 11273 | Orc:2    | Killed an orc sorcerer
 14680 | Orc:2    | Reached skill level 10 in Fighting
 14680 | Orc:2    | Reached skill level 5 in Armour
 14715 | Orc:2    | Found a staircase to the Elven Halls.
 14723 | Orc:2    | Reached skill level 13 in Axes
 15543 | Orc:2    | Noticed an orc sorcerer
 15547 | Orc:2    | Killed an orc sorcerer
 15806 | Orc:2    | Noticed an orc sorcerer
 15811 | Orc:2    | Killed an orc sorcerer
 17038 | Orc:2    | Noticed an orc sorcerer
 17045 | Orc:2    | Killed an orc sorcerer
 17065 | Orc:2    | Noticed an ogre mage
 17075 | Orc:2    | Paralysed by something for 5 turns
 17080 | Orc:2    | Killed an ogre mage
 17080 | Orc:2    | Noticed an orc sorcerer
 17092 | Orc:2    | Killed an orc sorcerer
 17547 | Orc:2    | Found an ancient bone altar of Kikubaaqudgha.
 17549 | Orc:2    | Noticed Nergalle
 17560 | Orc:2    | Killed Nergalle
 17566 | Orc:2    | Noticed an ogre mage
 17568 | Orc:2    | Noticed Sonja
 17576 | Orc:2    | Killed an ogre mage
 17579 | Orc:2    | Killed Sonja
 17579 | Orc:2    | Received a gift from Okawaru
 18427 | Orc:2    | Found a radiant altar of Vehumet.
 18428 | Orc:2    | Noticed Erolcha
 18431 | Orc:2    | Noticed Erolcha
 18432 | Orc:2    | Noticed an orc sorcerer
 18436 | Orc:2    | Killed Erolcha the yak
 18438 | Orc:2    | Noticed a sun demon
 18438 | Orc:2    | Killed an orc sorcerer
 18439 | Orc:2    | Reached XP level 12. HP: 63/108 MP: 18/18
 18540 | Orc:2    | Paralysed by an orc sorcerer for 5 turns
 18547 | Orc:2    | Reached ***** piety under Okawaru
 18548 | Orc:2    | Reached skill level 10 in Invocations
 18870 | Orc:2    | Found Nauwn's Antique Weapon Shop.
 18952 | Orc:2    | Found Ylufuyreca's Distillery.
 18959 | Orc:2    | Found Taschoock's Jewellery Boutique.
 18961 | Orc:2    | Bought a potion of curing for 36 gold pieces
 18961 | Orc:2    | Bought a potion of mutation for 96 gold pieces
 18961 | Orc:2    | Bought a potion of curing for 36 gold pieces
 18961 | Orc:2    | Bought a potion of curing for 36 gold pieces
 18967 | Orc:2    | Found Teyddoro's Jewellery Boutique.
 18969 | Orc:2    | Bought a ring of protection from fire for 300 gold pieces
 19405 | Orc:2    | Bought a ring of see invisible for 195 gold pieces
 19714 | D:11     | Noticed a two-headed ogre
 19720 | D:11     | Killed a two-headed ogre
 19788 | D:11     | Noticed a two-headed ogre
 19791 | D:11     | Killed a two-headed ogre
 19792 | D:11     | Reached skill level 10 in Ranged Weapons
 19865 | D:11     | Found a staircase to the Lair.
 20301 | D:11     | Received a gift from Okawaru
 20686 | D:11     | Noticed a two-headed ogre
 20687 | D:11     | Noticed a two-headed ogre
 20926 | D:11     | Noticed a two-headed ogre
 20931 | D:11     | Killed a two-headed ogre
 20932 | D:11     | Reached skill level 14 in Axes
 20936 | D:11     | Killed a two-headed ogre
 20939 | D:11     | Killed a two-headed ogre
 21160 | Lair:1   | Entered Level 1 of the Lair of Beasts
 21211 | Lair:1   | Found a gate leading to a gauntlet.
 21220 | Gauntlet | Entered a Gauntlet
 21220 | Gauntlet | Found a transporter.
 21220 | Gauntlet | Found a transporter.
 21220 | Gauntlet | Found a transporter.
 21264 | Gauntlet | Found a transporter.
 21274 | Gauntlet | HP: 2/110 [poison (dark miasma)]
 21530 | Gauntlet | Found a transporter.
 21604 | Gauntlet | Found a transporter.
 21614 | Gauntlet | Identified the +1 pair of gloves of the Tired Princes
                  | {Dex+2}
 21639 | Gauntlet | Identified the ring "Ahymeno" {Fire Will+ Str+4 Dex-3 SInv}
 21639 | Gauntlet | Noticed a minotaur
 21644 | Gauntlet | Killed a minotaur
 21653 | Gauntlet | Identified the +2 robe "Fakir" {Will+ rCorr Int+4 Dex-5}
 21653 | Gauntlet | Identified the +1 whip of Uskayaw's Generosity {drain,
                  | Str+3}
 21772 | Lair:1   | Reached skill level 15 in Axes
 22563 | D:7      | Bought a potion of invisibility for 176 gold pieces
 22751 | Lair:1   | Reached XP level 13. HP: 117/117 MP: 19/19
 22988 | Lair:1   | Identified the +3 pair of boots "Dool Via" {rF- Str+2 SInv}
                  | (Okawaru gifted it to you on level 1 of the Lair of Beasts)
 22988 | Lair:1   | Received a gift from Okawaru
 24924 | Lair:2   | Reached skill level 16 in Axes
 25211 | D:7      | Bought a scroll of enchant weapon for 120 gold pieces
 25379 | Lair:2   | Found a staircase to the Swamp.
 25855 | Lair:3   | Found a staircase to the Snake Pit.
 26379 | Lair:3   | Identified the +1 pair of boots of Greater Demons {MP+9
                  | Dex+4} (Okawaru gifted it to you on level 3 of the Lair of
                  | Beasts)
 26379 | Lair:3   | Received a gift from Okawaru
 26398 | Lair:3   | Reached ****** piety under Okawaru
 28684 | Lair:4   | Reached XP level 14. HP: 129/129 MP: 20/20
 29031 | Lair:5   | Entered Level 5 of the Lair of Beasts
 29042 | Lair:5   | Reached skill level 17 in Axes
 29655 | Lair:5   | Received a gift from Okawaru
 30481 | Lair:5   | Identified the ring of Xom's Wantonness {rPois Dex+3}
 31953 | Lair:5   | Identified the +1 pair of gloves of Soulil Duas {Rampage
                  | rN+ Int+3} (Okawaru gifted it to you on level 5 of the Lair
                  | of Beasts)
 31953 | Lair:5   | Received a gift from Okawaru
 33929 | Lair:5   | Reached skill level 18 in Axes
 34891 | Lair:5   | Found a runed translucent door.
 34908 | Lair:5   | Reached skill level 15 in Ranged Weapons
 35898 | Lair:5   | Found a viscous altar of Jiyva.
 35901 | Lair:5   | Found a staircase to the Slime Pits.
 36612 | D:7      | Bought a scroll of enchant weapon for 120 gold pieces
 36933 | D:12     | Found a frozen archway.
 36963 | IceCv    | Entered an ice cave
 37322 | IceCv    | Reached skill level 10 in Armour
 37322 | IceCv    | Reached XP level 15. HP: 130/138 MP: 21/21
 38487 | IceCv    | Noticed a frost giant
 38497 | IceCv    | Killed a frost giant
 39112 | D:12     | Noticed Azrael
 39119 | D:12     | Killed Azrael
 39120 | D:12     | Reached skill level 19 in Axes
 39618 | D:12     | Identified the +4 battleaxe of Vucaiz {pain, rElec}
                  | (Okawaru gifted it to you on level 12 of the Dungeon)
 39618 | D:12     | Received a gift from Okawaru
 39630 | D:12     | Killed by an exploding rakshasa... ignited by their inner
                  | flame

Illustrated notes

Levels and vault maps discovered:
D:1:      minmay_arrival_radiant_lines, layout_loops_ring,
          dilly_ecumenical_altar_fadedgnrine, minmay_box_of_dots
D:2:      layout_loops_corners, kennysheep_jessica_study, uniq_sigmund
D:3:      layout_loops_cross, mainiacjoe_overflow_cross_hatched,
          grunt_temple_overflow_open, uniq_terence
D:4:      layout_cave_pods, chequers_temple_overflow_minitemple
D:5:      kennysheep_six_static_rooms, layout_rooms,
          minmay_temple_entry_butterflies
D:6:      layout_rooms, serial_undead, serial_undead_f, serial_undead_d,
          serial_undead_e, serial_undead_a, serial_undead_e, serial_undead_c,
          serial_undead_d, hangedman_decor_clover_reticule,
          kennysheep_opposing_triangles
D:7:      layout_layer_cave, serial_shops, kennysheep_mini_moat, shop,
          nicolae_shop_just_a_little_nook, nicolae_ossuary_entry_catacombs,
          uniq_menkaure, uniq_duvessa
D:8:      layout_basic, mainiacjoe_overflow_catwalk_spiral,
          minmay_misc_feat_plants
D:9:      layout_basic, orc_0_dummy
D:10:     layout_long_grid, general_overflow_altar, st_stairs_14,
          grunt_ministairs_3
D:11:     layout_loops_cross, lair_entry_dummy
D:12:     minmay_klotski, layout_loops_ring, portal_ice_cave_demonic_guard,
          uniq_azrael
D:13:     layout_long_grid, erik_vaults_1, led_sif_pool
Lair:1:   layout_roguey, gauntlet_entry_generic, serial_bayou_shore_a,
          serial_bayou_shore_b, infiniplex_staircase_pool
Lair:2:   layout_big_grid, minmay_swamp_entry_worms
Lair:3:   layout_roguey, guppyfry_snake_entry_garden, grunt_megastairs_4,
          serial_bayou_shore_b, lemuel_fruit_tree
Lair:4:   layout_roguey
Lair:5:   wormcave, layout_cave_pods, hangedman_lair_tendril_chambers,
          slime_entry_1, st_stairs_5, lemuel_fruit_fields
Orc:1:    layout_diamond_mine, lightli_church_of_beogh
Orc:2:    kennysheep_orc_mage_school, layout_diamond_mine, basic_altar,
          uniq_sonja

Skill      XL: |  1  2  3  4  5  6  7  8  9 10 11 12 13 14 15 |
---------------+----------------------------------------------+-----
Axes           | 3 5 6 7 8 9 11 12 13 15 16 18 19 | 19.2
Fighting       | 4 5 6 7 8 9 10 11 13 14 | 14.5
Ranged Weapons | 1 2 4 5 7 9 11 13 15 16 | 16.2
Invocations    | 2 3 5 7 9 10 | 10.1
Armour         | 4 6 8 10 | 10.7
Shields        | |  3.6

Action                     |  1- 3 |  4- 6 |  7- 9 | 10-12 | 13-15 || total
---------------------------+-------+-------+-------+-------+-------++-------
  Melee: War axe           |    72 |    77 |   194 |       |       ||   343
         Headbutt          |     6 |    12 |    47 |    34 |    74 ||   173
         Short sword       |       |       |    14 |       |       ||    14
         Battleaxe         |       |       |    45 |   159 |   268 ||   472
   Fire: Sling             |       |    42 |    30 |       |       ||    72
         Shortbow          |       |       |    26 |    13 |       ||    39
         Orcbow            |       |       |       |    11 |       ||    11
         Triple crossbow   |       |       |       |   185 |   428 ||   613
  Throw: Dart              |       |       |     7 |     1 |       ||     8
 Invoke: Heroism           |       |       |    17 |    12 |    13 ||    42
         Finesse           |       |       |       |     1 |     2 ||     3
  Evoke: Wand              |       |       |     5 |     6 |       ||    11
    Use: Potion            |     1 |       |       |     5 |     1 ||     7
         Scroll            |       |     2 |    13 |    12 |    12 ||    39
   Stab: Paralysed         |       |       |       |     3 |       ||     3
         Invisible         |       |       |       |     1 |       ||     1
 Armour: Scale mail        |    23 |     3 |       |       |       ||    26
         Plate armour      |       |    37 |   137 |       |   154 ||   328
         Ring mail         |       |       |    21 |   112 |   103 ||   236
  Dodge: Dodged            |    25 |    26 |   112 |   125 |   228 ||   516
  Block: Buckler           |    15 |    20 |    50 |       |       ||    85
         Other             |       |       |       |       |     2 ||     2

Table legend: (Time is in decaauts)
 A = Elapsed time spent in this place.
 B = Non-inter-level travel time spent in this place.
 C = Inter-level travel time spent in this place.
 D = Time resting spent in this place.
 E = Time spent auto-exploring this place.
 F = Levels seen in this place.
 G = Mean time per level.
                   A        B        C        D        E       F      G
               +--------+--------+--------+--------+--------+-----+--------+
         Total |  40131 |  38133 |   1998 |  21060 |  12112 |  23 | 1744.8 |
       Dungeon |  13906 |  12347 |   1559 |   2813 |   7244 |  13 | 1069.7 |
          Lair |  14687 |  14443 |    244 |   9492 |   3625 |   5 | 2937.4 |
  Orcish Mines |   8925 |   8732 |    193 |   7126 |    680 |   2 | 4462.5 |
       Ossuary |    227 |    227 |      0 |      6 |    105 |   1 |  227.0 |
      Ice Cave |   1865 |   1865 |      0 |   1258 |    408 |   1 | 1865.0 |
      Gauntlet |    518 |    518 |      0 |    364 |     50 |   1 |  518.0 |
               +--------+--------+--------+--------+--------+-----+--------+

Top non-repeatable levels by time:
   Orc:2: 8266 daAuts
  Lair:5: 7523 daAuts
  Lair:4: 2315 daAuts
     D:7: 1951 daAuts
  Lair:1: 1942 daAuts
   IceCv: 1865 daAuts
  Lair:2: 1720 daAuts
    D:11: 1445 daAuts
     D:9: 1287 daAuts
     D:8: 1236 daAuts
  Lair:3: 1185 daAuts
     D:6: 1127 daAuts
     D:4: 1115 daAuts
    D:10: 1083 daAuts
     D:2: 1081 daAuts
